 Dungeon Crawl Stone Soup version 0.24-a0-203-gf0bc1e9 (webtiles) character file.

Game seed: 4951923415427111473

263 Borgoz the Cutter (level 6, -4/37 HPs)
             Began as a Kobold Gladiator on Mar 26, 2019.
             Slain by a sky beast (6 damage)
             ... on level 3 of the Dungeon.
             The game lasted 00:03:27 (1867 turns).

Borgoz the Cutter (Kobold Gladiator)                Turns: 1867, Time: 00:03:28

Health: -4/37      AC:  6    Str: 13    XL:     6   Next: 43%
Magic:  9/9        EV: 16    Int: 13    God:
Gold:   188        SH:  0    Dex: 17    Spells: 9/9 levels left

rFire    . . .     SeeInvis .   a - +0 rapier
rCold    . . .     Gourm    .   (shield restricted)
rNeg     . . .     Faith    .   b - +0 leather armour
rPois    .         Spirit   .   c - +1 helmet
rElec    .         Reflect  .   (no cloak)
rCorr    .         Harm     .   k - +0 pair of gloves
MR       .....                  (no boots)
Stlth    ++........             (no amulet)
HPRegen  0.12/turn              l - +4 ring of intelligence
MPRegen  0.11/turn              (no ring)

@: no status effects
A: small, carnivore
a: no special abilities


You were on level 3 of the Dungeon.
You were very full.

You visited 1 branch of the dungeon, and saw 3 of its levels.

You collected 188 gold pieces.

Inventory:

Hand Weapons
 a - a +0 rapier (weapon)
Missiles
 d - a throwing net (quivered)
 p - 5 tomahawks
Armour
 b - a +0 leather armour (worn)
 c - a +1 helmet (worn)
 k - a +0 pair of gloves (worn)
Jewellery
 l - a +4 ring of intelligence (left hand)
 r - a +3 ring of dexterity {unknown}
Scrolls
 h - 2 scrolls of remove curse {unknown}
 j - a scroll of amnesia {unknown}
 m - a scroll of blinking
 s - a scroll of identify
 u - a scroll of teleportation
Potions
 e - a potion of ambrosia {unknown}
 g - a potion of agility {unknown}
 i - a potion of curing
 n - a potion of haste {unknown}
 o - a potion of flight
 t - a potion of heal wounds {unknown}
Comestibles
 f - 7 rations
 q - 3 chunks of flesh


   Skills:
 + Level 3.1 Fighting
 + Level 5.0 Short Blades
 - Level 2.1 Throwing
 * Level 2.4 Armour
 + Level 4.4 Dodging
 + Level 2.9 Stealth
 + Level 2.0 Spellcasting


You had 9 spell levels left.
You didn't know any spells.
Your spell library was empty.

Dungeon Overview and Level Annotations

Branches:
Dungeon (3/15)

Altars:
Gozag

Annotations:
D:3 4 runed translucent doors, Crazy Yiuf; Lanoc's ghost, amateur SpEn


Innate Abilities, Weirdness & Mutations

You are small and have problems with some larger weapons.
You are carnivorous and can eat meat at any time.


Message History

* * * LOW HITPOINT WARNING * * *
You feel better. The sky beast hits you.
* * * LOW HITPOINT WARNING * * *
The sky beast shocks you.
* * * LOW HITPOINT WARNING * * *
Okay, then.
Throwing (i - inventory. (/) - cycle)
d - 3 throwing nets (quivered)
Press: ? - help, Shift-Dir - straight line, f - sky beast
Aim: a sky beast (almost dead)
You throw a throwing net.
The throwing net barely misses the sky beast.
The sky beast hits you but does no damage.
Throwing (i - inventory. (/) - cycle)
d - 2 throwing nets (quivered)
Press: ? - help, Shift-Dir - straight line, f/p - sky beast
Aim: a sky beast (almost dead)
You throw a throwing net. The throwing net misses the sky beast.
The sky beast hits you.
* * * LOW HITPOINT WARNING * * *
The sky beast shocks you.
You die...

##### #.# #
#(##.### ####....
.. ......
#...#.##.# ......#
#.......# .....#
####.#### #...#
#.# ##...### #Y#
.......#########@#
.......#.........#
.......#.#########
##...###.#
#.....##.#
##...###.# ##.##
#.# #.####.#
#......#


You could see a sky beast.

Vanquished Creatures
  Sigmund (D:3)
  4 adders (D:2)
  An ooze (D:1)
  3 worms (D:3)
  4 leopard geckos
  An orc (D:3)
  A ball python (D:3)
  6 bats
  2 giant cockroaches
  6 goblins
  7 hobgoblins
  2 jackals (D:3)
  5 kobolds
  2 frilled lizards
  5 rats
50 creatures vanquished.

Notes
Turn   | Place    | Note
-------+----------+-------------------------------------------
     0 | D:1      | Borgoz the Kobold Gladiator began the quest for the Orb.
     0 | D:1      | Reached XP level 1. HP: 12/12 MP: 1/1
   243 | D:1      | Reached XP level 2. HP: 13/17 MP: 2/2
   659 | D:1      | Reached XP level 3. HP: 22/22 MP: 3/3
   912 | D:2      | Reached skill level 1 in Stealth
   930 | D:2      | Reached skill level 1 in Armour
   993 | D:2      | Reached skill level 1 in Spellcasting
  1018 | D:2      | Reached XP level 4. HP: 22/27 MP: 5/5
  1380 | D:3      | Found a runed translucent gate.
  1380 | D:3      | Found a runed translucent gate.
  1380 | D:3      | Found an opulent altar of Gozag.
  1387 | D:3      | Found a runed translucent gate.
  1389 | D:3      | Noticed Lanoc's ghost (amateur SpEn)
  1389 | D:3      | Noticed a water moccasin
  1389 | D:3      | Noticed a sky beast
  1561 | D:3      | Noticed Sigmund
  1569 | D:3      | Killed Sigmund
  1569 | D:3      | Reached skill level 5 in Short Blades
  1569 | D:3      | Reached XP level 5. HP: 32/32 MP: 5/8
  1569 | D:3      | Reached XP level 6. HP: 37/37 MP: 5/9
  1735 | D:3      | Found a runed translucent door.
  1736 | D:3      | Noticed Crazy Yiuf
  1840 | D:3      | Noticed a sky beast
  1867 | D:3      | Slain by a sky beast

Levels and vault maps discovered:
D:1:      dpeg_arrival_water_fire, layout_loops_ring
D:2:      wander_river, layout_rooms, first_ration, kennysheep_generic_room_4
D:3:      layout_loops_corners, ebering_ghost_gozag, uniq_sigmund,
          uniq_crazy_yiuf_cottage

Skill      XL: |  1  2  3  4 |
---------------+-------------+-----
Stealth        | 1 2 |  2.9
Armour         | 1 2 |  2.4
Spellcasting   | 1 2 |  2.0
Dodging        | 4 |  4.4
Fighting       | 3 |  3.1
Short Blades   | 5 |  5.0
Throwing       | |  2.1

Action                   |  1- 3 |  4- 6 || total
-------------------------+-------+-------++-------
Melee: Rapier            |    57 |   111 ||   168
Throw: Throwing net      |       |     3 ||     3
  Use: Scroll            |     4 |     2 ||     6
       Potion            |       |     1 ||     1
 Stab: Sleeping          |     4 |     1 ||     5
       Distracted        |       |     1 ||     1
  Eat: Chunk             |     8 |     3 ||    11
Armor: Leather armour    |     7 |    28 ||    35
Dodge: Dodged            |    46 |    78 ||   124

Table legend:
 A = Non-vault XP
 B = Vault XP
 C = Vault XP percentage of total XP
 D = Non-vault monster count
 E = Vault monster count
 F = Vault count percentage of total count
                 A         B        C        D         E       F
            +---------+---------+-------+---------+---------+-------
      Total |     147 |     230 |  61.0 |      48 |       2 |   4.0
            +---------+---------+-------+---------+---------+-------
        D:1 |      30 |       0 |   0.0 |      14 |       0 |   0.0
        D:2 |      76 |       3 |   3.8 |      17 |       1 |   5.6
        D:3 |      41 |     227 |  84.7 |      17 |       1 |   5.6
            +---------+---------+-------+---------+---------+-------
